 Dungeon Crawl Stone Soup version 0.30-a0-1008-g30c9307041 (webtiles) character file.

Game seed: 10249702744240631112

559 Zeldest the Sneak (level 7, 0/67 HPs)
             Began as a Naga Warper on Apr 5, 2023.
             Slain by a gnoll
             ... wielding a +0 spear
             ... led by a gnoll bouda
              (4 damage)
             ... on level 4 of the Dungeon.
             The game lasted 00:19:11 (4176 turns).

Zeldest the Sneak (Naga Warper)                     Turns: 4176, Time: 00:19:11

Health: 0/67       AC:  3    Str: 13    XL:     7   Next: 31%
Magic:  10/10      EV:  9    Int: 15    God:
Gold:   111        SH:  0    Dex: 11    Spells: 5/10 levels left

rFire   . . .      SeeInvis +    a - +0 mace
rCold   . . .      Faith    .    (no shield)
rNeg    . . .      Spirit   .    b - +0 leather armour
rPois   +          Reflect  .    (no helmet)
rElec   .          Rampage  .    (no cloak)
rCorr   .                        (no gloves)
Will    .....                    (no barding)
Stlth   +++                      (no amulet)
HPRegen 0.31/turn                (no ring)
MPRegen 0.12/turn                (no ring)

@: short of breath, very slow
A: AC +2, large, see invisible, deformed body, poison resistance, slowness 2,
spit poison 1, naga tail 1
a: Spit Poison


You were on level 4 of the Dungeon.
You visited 1 branch of the dungeon, and saw 5 of its levels.

You collected 111 gold pieces.

Inventory:

Hand Weapons
 a - a +0 mace (weapon)
Missiles
 d - 7 boomerangs of dispersal
 p - 4 boomerangs
 u - 4 javelins
Armour
 b - a +0 leather armour (worn)
Scrolls
 c - a scroll of blinking
 g - 2 scrolls of magic mapping {unknown}
 i - 2 scrolls of teleportation
 j - 4 scrolls of identify
 m - a scroll of butterflies {unknown}
 o - a scroll of immolation {unknown}
 s - a scroll of fear {unknown}
Potions
 e - 2 potions of brilliance {unknown}
 f - 3 potions of curing
 h - a potion of mutation {unknown}
 k - a potion of cancellation {unknown}
 l - a potion of might {unknown}
 n - 3 potions of degeneration {unknown}
 q - a potion of flight {unknown}
 r - a potion of resistance {unknown}
 t - a potion of attraction {unknown}


   Skills:
 - Level 5.2 Fighting
 - Level 2.0 Maces & Flails
 + Level 1.7 Throwing
 - Level 0.7 Armour
 - Level 1.5 Dodging
 + Level 5.7 Stealth
 + Level 2.0 Spellcasting
 - Level 4.2 Translocations
 + Level 2.0 Evocations


You had 5 spell levels left.
You knew the following spells:

 Your Spells              Type           Power      Damage    Failure   Level
a - Blink                 Tloc           28%        N/A       8%          2
b - Teleport Other        Tloc           14%        N/A       14%         3

Your spell library contained the following spells:

 Spells                   Type           Power      Damage    Failure   Level
 Apportation              Tloc           28%        N/A       4%          1
 Lesser Beckoning         Tloc           28%        N/A       8%          2
 Vhi's Electric Charge    Tloc/Air       14%        N/A       34%         3
 Manifold Assault         Tloc           14%        N/A       43%         4
 Alistair's Intoxication  Tmut/Pois      0%         N/A       100%        5


Dungeon Overview and Level Annotations

Branches:
Dungeon (5/15) Zot: 24806
 Temple: D:4-7

Altars:
Fedhas
Uskayaw

Shops:
D:2 (

Annotations:
D:3 1 runed translucent door, BigDaddyOpFi's ghost, weakling AtFi


Innate Abilities, Weirdness & Mutations

Your serpentine skin is tough. (AC +2)
You have supernaturally acute eyesight. (SInv)
Armour fits poorly on your strangely shaped body.
Your system is resistant to poisons. (rPois)
You cover ground very slowly.
You can spit poison.
You have a snake-like lower body.


Message History

Aim: a gnoll, wielding a +0 spear and quivering 2 throwing nets (heavily wounded, 65% to hit)
The splash of poison misses the gnoll.
The gnoll hits you with a +0 spear!
You completely miss the gnoll.
The gnoll is heavily wounded.
The gnoll closely misses you. The gnoll barely misses you.
You barely miss the gnoll.
The gnoll is heavily wounded.
The gnoll hits you but does no damage.
You hit the gnoll but do no damage.
The gnoll is heavily wounded.
You have got your breath back.
The gnoll hits you with a +0 spear.
You barely miss the gnoll.
The gnoll is heavily wounded.
The gnoll hits you with a +0 spear.
You closely miss the gnoll.
The gnoll is heavily wounded.
The gnoll hits you with a +0 spear!
* * * LOW HITPOINT WARNING * * *
The gnoll hits you with a +0 spear.
* * * LOW HITPOINT WARNING * * *
You hit the gnoll. You punch the gnoll, but do no damage.
The gnoll is severely wounded.
The gnoll barely misses you.
Okay, then.
You aren't carrying any items that you can evoke.
Unknown command.
Okay, then.
Okay, then.
Aiming: Spit Poison (1% risk of failure)
Press: ? - help, Q - select action, (/) - cycle Shift-Dir - straight line, f/p - gnoll
Aim: a gnoll, wielding a +0 spear and quivering 2 throwing nets (severely wounded, 65% to hit)
The splash of poison misses the gnoll.
The gnoll hits you with a +0 spear!
* * * LOW HITPOINT WARNING * * *
You barely miss the gnoll.
The gnoll is severely wounded.
The gnoll hits you with a +0 spear.
You die...

############# # #...........# #
#...........# # #...........# #
###@..........## #######
#.g##..........# ##....#
#...#..........# ##....#
#...#..........# ......# ###
#...#..........# ......#
#.#####'#..........#####
##..######...#......##'#####....#
##+####..#...#).....#......#....#
..........#..#......#......#....#


You could see a gnoll.

Vanquished Creatures
  A wyvern (D:4)
  An ogre (D:3)
  A centaur (D:3)
  A scorpion (D:3)
  A howler monkey (D:5)
  A hound (D:4)
  An iguana (D:4)
  3 adders
  3 worms
  2 dart slugs
  7 orcs
  7 ball pythons
  4 endoplasms
  5 giant cockroaches
  4 goblins
  8 hobgoblins
  6 kobolds
  3 quokkas
  2 bats
  A frilled lizard (D:3)
  2 goblin zombies (D:4)
  6 rats
70 creatures vanquished.

Notes
Turn   | Place    | Note
-------+----------+-------------------------------------------
     0 | D:1      | Zeldest the Naga Warper began the quest for the Orb.
     0 | D:1      | Reached XP level 1. HP: 19/19 MP: 3/3
    80 | D:1      | Reached skill level 1 in Stealth
   240 | D:1      | Reached XP level 2. HP: 27/27 MP: 5/5
   479 | D:1      | Learned a level 2 spell: Blink
   958 | D:2      | Reached XP level 3. HP: 30/33 MP: 6/6
  1052 | D:2      | Found Giettec's Antique Weapon Boutique.
  1404 | D:2      | Found a hide-covered altar of Uskayaw.
  1523 | D:3      | Found a faded altar of an unknown god.
  1552 | D:3      | Noticed a scorpion
  1589 | D:3      | Killed a scorpion
  1590 | D:3      | Reached XP level 4. HP: 17/44 MP: 7/7
  1840 | D:3      | Noticed an ogre
  1877 | D:4      | Noticed a wyvern
  1999 | D:3      | Noticed a centaur
  2005 | D:3      | Killed a centaur
  2006 | D:3      | Reached XP level 5. HP: 20/50 MP: 8/8
  2111 | D:3      | Learned a level 3 spell: Teleport Other
  2218 | D:3      | Killed an ogre
  2219 | D:3      | Reached skill level 5 in Stealth
  2219 | D:3      | Reached XP level 6. HP: 54/58 MP: 3/9
  2512 | D:3      | Found a runed translucent door.
  2512 | D:3      | Noticed BigDaddyOpFi's ghost (weakling AtFi)
  2524 | D:3      | Found a blossoming altar of Fedhas.
  2931 | D:4      | Reached skill level 5 in Fighting
  3327 | D:5      | Entered Level 5 of the Dungeon
  3557 | D:4      | Reached skill level 1 in Evocations
  3862 | D:4      | Killed a wyvern
  3863 | D:4      | Reached skill level 1 in Throwing
  3863 | D:4      | Reached XP level 7. HP: 62/67 MP: 10/10
  3986 | D:4      | Identified the +5 ring mail of Jicarix {Int+3}
  4176 | D:4      | Slain by a gnoll

Illustrated notes

Levels and vault maps discovered:
D:1:      minmay_arrival_stone_box, layout_loops_ring
D:2:      layout_basic, basic_altar, serial_shops, nicolae_shop_waterfront
D:3:      minmay_recursive_quarters, layout_basic, fedhas_altar_fruit_tree,
          hellmonk_ecumenical_altar_arch_garden, gammafunk_ghost_grave,
          corexii_shack
D:4:      layout_gridville, okawaru_metal_pillars_3, enter_ossuary_4
D:5:      layout_rooms, nicolae_figureground_sparkle

Skill      XL: |  1  2  3  4  5  6 |
---------------+-------------------+-----
Stealth        | 1 2 3 4 5 |  5.7
Fighting       | 3 4 5 |  5.2
Translocations | 4 |  4.2
Evocations     | 2 |  2.0
Throwing       | 1 |  1.7
Maces & Flails | |  2.0
Armour         | |  0.7
Dodging        | |  1.5
Spellcasting   | |  2.0

Action                     |  1- 3 |  4- 6 |  7- 9 || total
---------------------------+-------+-------+-------++-------
  Melee: Mace              |    70 |   108 |    30 ||   208
         Punch             |       |     1 |     1 ||     2
  Throw: Boomerang         |       |     1 |       ||     1
   Cast: Teleport Other    |       |    10 |     3 ||    13
Ability: Spit Poison       |    20 |    30 |     7 ||    57
  Evoke: Wand              |       |     2 |       ||     2
    Use: Scroll            |       |     1 |     2 ||     3
         Potion            |       |     3 |       ||     3
 Armour: Leather armour    |    33 |    26 |     4 ||    63
  Dodge: Dodged            |    39 |    62 |    11 ||   112

Table legend: (Time is in decaauts)
 A = Elapsed time spent in this place.
 B = Non-inter-level travel time spent in this place.
 C = Inter-level travel time spent in this place.
 D = Time resting spent in this place.
 E = Time spent auto-exploring this place.
 F = Levels seen in this place.
 G = Mean time per level.
                   A        B        C        D        E       F      G
               +--------+--------+--------+--------+--------+-----+--------+
         Total |   5192 |   4978 |    214 |   1378 |   1967 |   5 | 1038.4 |
       Dungeon |   5192 |   4978 |    214 |   1378 |   1967 |   5 | 1038.4 |
               +--------+--------+--------+--------+--------+-----+--------+

Top non-repeatable levels by time:
     D:3: 1699 daAuts
     D:4: 1220 daAuts
     D:2: 1211 daAuts
     D:1: 1051 daAuts
     D:5: 9 daAuts
